[Event "Early-Titled-Tuesday-Blitz-September-12-2023"]
[Site "Chess.com"]
[Date "2023.09.12"]
[Round "5"]
[White "CixPer1968"]
[Black "cedchass2006"]
[Result "0-1"]
[WhiteElo "2179"]
[BlackElo "2427"]
[TimeControl "180+1"]
[EndTime "8:54:07 PDT"]
[Termination "cedchass2006 won on time"]

1. d4 Nf6 2. c4 e6 3. Nf3 d5 4.
Nc3 dxc4 5. e3 a6 6. a4 c5 7. Bxc4 Nc6 8. O-O Be7 9. Qe2 cxd4 10. Rd1 e5 11. exd4 exd4 12. Bg5 O-O 13. Rac1 Qa5 14. Bxf6 Bxf6 15. Nd5 Bd8 16. h4 Qxa4 17. h5 b5 18. Bd3 Bb7 19. h6 g6 20. Rxc6 Bxc6 21. Qe5 f6 22. Qe6+ Kh8 23. Qxc6 Qxd1+ 24. Bf1 Ra7 25. Qd6 Raf7 0-1

[Event "Early-Titled-Tuesday-Blitz-September-12-2023"]
[Site "Chess.com"]
[Date "2023.09.12"]
[Round "5"]
[White "valemava"]
[Black "hongnhung1234"]
[Result "0-1"]
[WhiteElo "2295"]
[BlackElo "2497"]
[TimeControl "180+1"]
[EndTime "8:54:08 PDT"]
[Termination "hongnhung1234 won by checkmate"]

1. c4 f5 2. b4 Nf6 3. Bb2 g6 4.
Bxf6 exf6 5. a3 a5 6. b5 d5 7. cxd5 Qxd5 8. Nc3 Qd8 9. e3 Be6 10. Nf3 Nd7 11. Nd4 Bf7 12. Qf3 Rb8 13. Be2 Ne5 14. Qg3 Bd6 15. f4 Nc4 16. Bxc4 Bxc4 17. h4 Qd7 18.
Qf3 Bc5 19. h5 Kf7 20. Nce2 Bd5 21. Qh3 Rhg8 22. h6 Rbe8 23. O-O Bc4 24. Rfd1 Bxb5 25. Nxb5 Qxb5 26. Qf3 b6 27. d4 Bd6 28. Nc3 Qd7 29.
a4 Qe6 30. Rd3 g5 31. d5 Qe7 32. Qh5+ Rg6 33. fxg5 fxg5 34. Rf1 Qe5 35. e4 f4 36. Rdf3 Kg8 37. Qg4 Rxh6 38. Ne2 Bc5+ 39. R1f2 Qa1+ 40.
Nc1 Qxc1# 0-1

[Event "Early-Titled-Tuesday-Blitz-September-12-2023"]
[Site "Chess.com"]
[Date "2023.09.12"]
[Round "5"]
[White "The_Machine04"]
[Black "Fleetw00dMac"]
[Result "1-0"]
[WhiteElo "2661"]
[BlackElo "2466"]
[TimeControl "180+1"]
[EndTime "8:54:10 PDT"]
[Termination "The_Machine04 won by resignation"]

1. d4 Nf6 2. Nf3 g6 3. Nbd2 Bg7 4.
e4 d6 5. Bc4 O-O 6. O-O Nc6 7.
c3 e5 8. dxe5 Nxe5 9. Nxe5 dxe5 10. Qe2 a5 11. a4 Re8 12. Nf3 h6 13. Rd1 Qe7 14. b3 Nh5 15. g3 Bh3 16. Ba3 Qf6 17.
Rd3 Rad8 18. Rad1 Rxd3 19. Rxd3 Bf8 20. Bxf8 Kxf8 21. Qe3 Kg7 22. Qc5 Bg4 23. Kg2 Rd8 24.
Re3 Qd6 25. Qxa5 Bxf3+ 26. Rxf3 Nf6 27. Qb4 Qxb4 28. cxb4 Rd4 29. a5 Rxe4 30. b5 Re1 31. a6 bxa6 32. bxa6 Ra1 33. Rd3 Ne4 34. Rd7 Nd6 35. Bf1 Ra2 36. Rxc7 Ne4 37. a7 Rxf2+ 38. Kg1 Ra2 39. Bc4 Ng5 40. Bd5 e4 41. a8=Q Nf3+ 42.
Kf1 Nxh2+ 43. Ke1 Nf3+ 44. Kd1 1-0

[Event "Early-Titled-Tuesday-Blitz-September-12-2023"]
[Site "Chess.com"]
[Date "2023.09.12"]
[Round "5"]
[White "Goryachkina"]
[Black "S-Fazulyanov"]
[Result "1-0"]
[WhiteElo "2670"]
[BlackElo "2464"]
[TimeControl "180+1"]
[EndTime "8:54:11 PDT"]
[Termination "Goryachkina won on time"]

1. e4 c5 2. Nf3 Nc6 3. Bb5 g6 4.
O-O Bg7 5. Re1 Nf6 6. c3 O-O 7. d4 d5 8. e5 Ne4 9. h3 a6 10. Bxc6 bxc6 11. Nbd2 cxd4 12. cxd4 Nxd2 13. Bxd2 Qb6 14. b3 c5 15. dxc5 Qxc5 16. Rc1 Qa3 17. Rc7 Qxa2 18. Bb4 Bf5 19. Nd4 Rfc8 20. Rxe7 Be4 21. e6 fxe6 22. Rxg7+ Kxg7 23. Nxe6+ Kg8 24. Qd4 Kf7 25. Rxe4 dxe4 26. Qd7+ Kf6 27. Be7+ 1-0

[Event "Early-Titled-Tuesday-Blitz-September-12-2023"]
[Site "Chess.com"]
[Date "2023.09.12"]
[Round "5"]
[White "Polish_fighter3000"]
[Black "Zkid"]
[Result "1-0"]
[WhiteElo "3073"]
[BlackElo "2898"]
[TimeControl "180+1"]
[EndTime "8:54:13 PDT"]
[Termination "Polish_fighter3000 won by resignation"]

1. e4 e6 2. d4 d5 3. Nc3 Bb4 4.
exd5 exd5 5. Bd3 Nc6 6. a3 Bxc3+ 7. bxc3 Nf6 8. Ne2 O-O 9. f3 Ne7 10. g4 c5 11. dxc5 Qc7 12. Rb1 Re8 13. Rb5 Ng6 14.
O-O Bd7 15. Rb4 Qxc5+ 16. Kh1 Bc6 17. Bg5 Nxg4 18. Rxg4 Qxa3 19. Qd2 Qd6 20. Nd4 Bd7 21. Rg3 a5 22. f4 f6 23. f5 fxg5 24. Qxg5 Re5 25. Nf3 Rae8 26. fxg6 Rxg5 27. gxh7+ Kh8 28. Nxg5 Be6 29. Re3 d4 30. Rxe6 Qd5+ 31. Be4 1-0

[Event "Early-Titled-Tuesday-Blitz-September-12-2023"]
[Site "Chess.com"]
[Date "2023.09.12"]
[Round "5"]
[White "sergeikim"]
[Black "secretsuperstar7"]
[Result "0-1"]
[WhiteElo "2569"]
[BlackElo "2422"]
[TimeControl "180+1"]
[EndTime "8:54:14 PDT"]
[Termination "secretsuperstar7 won by resignation"]

1. d4 Nf6 2. c4 e6 3. Nc3 Bb4 4.
Qc2 b6 5. a3 Bxc3+ 6. Qxc3 Bb7 7.
Nf3 O-O 8. g3 d6 9. Bg2 Nbd7 10.
O-O c5 11. dxc5 bxc5 12. b4 Rc8 13. Bb2 d5 14. cxd5 cxb4 15. Qxb4 Bxd5 16. Qh4 Rc2 17. Bxf6 Qxf6 18. Qxf6 Nxf6 19. Nd4 Rd2 20. e3 Bxg2 21. Kxg2 Ne4 22. Rad1 Ra2 23. Ra1 Rb2 24. Rab1 Rfb8 25. Rxb2 Rxb2 26. Nc6 a6 27. Nb4 a5 28. Nd3 Rb3 29.
Rd1 g6 30. a4 Ra3 31. Ne5 Ra2 32. Nd3 Rxa4 33. Kf3 f5 34. h3 Ra2 35. g4 a4 36. Rc1 Rd2 37. Rc8+ Kg7 38. Rd8 Nxf2 39. Rd7+ Kf8 40. Nc5 Rxd7 41. Nxd7+ Ke7 42. Nc5 Nxh3 43. Nxa4 Ng5+ 44. Kf4 Kf6 45. gxf5 exf5 46. Nc5 Ne6+ 0-1

[Event "Early-Titled-Tuesday-Blitz-September-12-2023"]
[Site "Chess.com"]
[Date "2023.09.12"]
[Round "5"]
[White "twofoxniel"]
[Black "cthulhuuu"]
[Result "0-1"]
[WhiteElo "2620"]
[BlackElo "2475"]
[TimeControl "180+1"]
[EndTime "8:54:15 PDT"]
[Termination "cthulhuuu won by resignation"]

1. e4 d6 2. d4 Nf6 3. Nc3 c6 4. Nf3 Bg4 5. h3 Bh5 6. Bc4 e6 7. Qe2 d5 8. Bd3 dxe4 9. Nxe4 Nxe4 10. Qxe4 Bxf3 11. gxf3 Nd7 12. c3 Nf6 13. Qh4 Be7 14. Rg1 g6 15. Qg3 Bd6 16. Qg5 Nd5 17. Qh6 Qf6 18. Be4 Bf4 19. Bxf4 Qxf4 20. Qg7 Qf6 21. Qh6 O-O-O 22. h4 e5 23. O-O-O exd4 24. Rxd4 Nf4 25. Rxd8+ Rxd8 26. Re1 Ng2 27. Rh1 Qf4+ 28. Qxf4 Nxf4 29. Kc2 f5 30. Re1 fxe4 31. Rxe4 Nd5 32. a3 Rf8 33. c4 Nc7 34. f4 Kd7 35. Rd4+ Ke7 36. Re4+ Ne6 37.
Re5 0-1

[Event "Early-Titled-Tuesday-Blitz-September-12-2023"]
[Site "Chess.com"]
[Date "2023.09.12"]
[Round "5"]
[White "Tea99"]
[Black "CraiggoryC"]
[Result "1-0"]
[WhiteElo "2396"]
[BlackElo "2232"]
[TimeControl "180+1"]
[EndTime "8:54:16 PDT"]
[Termination "Tea99 won on time"]

1. e4 e6 2. d4 d5 3. Nc3 Bb4 4. e5 c5 5. a3 Bxc3+ 6. bxc3 Ne7 7.
Qg4 Qc7 8. Bd3 c4 9. Be2 Qa5 10.
Bd2 Nf5 11. Nf3 Nc6 12. O-O Bd7 13. Nh4 Nce7 14. Nf3 O-O-O 15. Rfb1 Rdg8 16. h4 h5 17. Qh3 Qd8 18. a4 f6 19. a5 a6 20. Ra2 Kb8 21. Rab2 Bc8 22. Bf4 Ka7 23. exf6 gxf6 24. Qh2 Qxa5 25. Bc7 Qxc3 26. Bb8+ Ka8 27. Qc7 Nxd4 28.
Nxd4 Qxd4 29. Rxb7 Rxg2+ 30. Kxg2 Rg8+ 31. Kf1 1-0

[Event "Early-Titled-Tuesday-Blitz-September-12-2023"]
[Site "Chess.com"]
[Date "2023.09.12"]
[Round "5"]
[White "Anton_Demchenko"]
[Black "MartinMatthiesen"]
[Result "1-0"]
[WhiteElo "2936"]
[BlackElo "2523"]
[TimeControl "180+1"]
[EndTime "8:54:18 PDT"]
[Termination "Anton_Demchenko won by resignation"]

1. e4 c5 2. Nf3 d6 3. d4 cxd4 4. Nxd4 Nf6 5. Nc3 e6 6. Be3 Nc6 7. f3 Be7 8. Qd2 O-O 9. O-O-O d5 10. Be2 Re8 11. Kb1 Bf8 12. exd5 Nxd5 13. Nxd5 exd5 14. f4 Qe7 15. Bf2 Nxd4 16. Qxd4 Bf5 17. Bd3 Be4 18. Rhe1 f5 19. h3 Qf7 20. g4 fxg4 21. hxg4 Qxf4 22. Be3 Qxg4 23. Rg1 Qe6 24. Bc1 Re7 25. Rde1 b6 26. Rxe4 dxe4 27. Bc4 Qxc4 28. Qxc4+ Kh8 29. Be3 1-0

[Event "Early-Titled-Tuesday-Blitz-September-12-2023"]
[Site "Chess.com"]
[Date "2023.09.12"]
[Round "5"]
[White "Boxerandchessplayer"]
[Black "RamonManon0g"]
[Result "0-1"]
[WhiteElo "2102"]
[BlackElo "2306"]
[TimeControl "180+1"]
[EndTime "8:54:18 PDT"]
[Termination "RamonManon0g won on time"]

1. d4 Nf6 2. Nf3 g6 3. Nbd2 d5 4. e3 Bg7 5. b4 O-O 6. a4 c6 7.
c4 Nbd7 8. Be2 Re8 9. Bb2 e5 10. O-O exd4 11. Bxd4 Nf8 12. Qb3 Ne6 13. Bb2 h6 14. Rfd1 Qe7 15. Rac1 Ng5 16. Nxg5 hxg5 17. cxd5 Nxd5 18. Bxg7 Kxg7 19. b5 Bd7 20. bxc6 Bxc6 21. Bf3 Rad8 22. Rb1 Qe5 23. Nc4 Qc3 24. Bxd5 Qxb3 25.
Rxb3 Bxd5 26. Rbd3 Bxc4 27. Rxd8 Re5 28. R8d4 Ba6 29.
h3 Rc5 30. Rb4 Rc2 31. Rdd4 Rc1+ 0-1

[Event "Early-Titled-Tuesday-Blitz-September-12-2023"]
[Site "Chess.com"]
[Date "2023.09.12"]
[Round "5"]
[White "MathiasWomacka"]
[Black "wqws"]
[Result "0-1"]
[WhiteElo "2480"]
[BlackElo "2689"]
[TimeControl "180+1"]
[EndTime "8:54:19 PDT"]
[Termination "wqws won by checkmate"]

1. e4 c5 2. Nf3 d6 3. d4 cxd4 4. Nxd4 Nf6 5. Nc3 a6 6. Be2 e5 7.
Nb3 Be7 8. O-O O-O 9. Kh1 Nbd7 10.
a4 b6 11. Be3 Bb7 12. f3 Nc5 13. Bc4 Rc8 14. Qe2 Qc7 15. Nxc5 dxc5 16. Bxa6 Bc6 17. Bc4 Nh5 18. g3 Kh8 19. Nd5 Bxd5 20. Bxd5 g6 21.
Rad1 f5 22. exf5 gxf5 23. f4 Nf6 24. Be6 Qc6+ 25. Kg1 Qxe6 26. fxe5 Ne4 27. Bf4 c4 28. Kg2 Rfd8 29. Rxd8+ Rxd8 30. Rd1 Rxd1 31. Qxd1 Kg7 32.
b3 c3 33. Qd4 Nd2 34. Qxc3 Qd5+ 35. Kh3 Ne4 36. Qc7 Nf2# 0-1

[Event "Early-Titled-Tuesday-Blitz-September-12-2023"]
[Site "Chess.com"]
[Date "2023.09.12"]
[Round "5"]
[White "skoularikii"]
[Black "gmcorrales"]
[Result "1-0"]
[WhiteElo "2535"]
[BlackElo "2815"]
[TimeControl "180+1"]
[EndTime "8:54:19 PDT"]
[Termination "skoularikii won by resignation"]

1. e4 d5 2. exd5 Qxd5 3. Nc3 Qa5 4. Bc4 Nf6 5. d3 c6 6. Bd2 Bg4 7. f3 Bf5 8. g4 Bg6 9. Qe2 Qc7 10. f4 h6 11. f5 Bh7 12. O-O-O Nbd7 13. h4 b5 14. Bb3 a5 15. g5 a4 16. Bxf7+ Kxf7 17. g6+ Ke8 18.
gxh7 b4 19. Ne4 b3 20. a3 bxc2 21. Re1 Nxe4 22. Qxe4 Nf6 23. Qe6 Qd7 24. Nf3 Qxe6 25. Rxe6 Nd7 26. h5 Nc5 27. Rxc6 Nxd3+ 28. Kxc2 Nf2 29. Re1 Ng4 30. Nh4 Rxh7 31. Ng6 Nf6 32. Bb4 Kf7 33. Bxe7 Bxe7 34. Rxe7+ Kg8 35. Rec7 Re8 36.
Rc8 Kf7 37. R6c7+ Kg8 38. Rxe8+ Nxe8 39. Ra7 Rh8 40. Nxh8 Nd6 41. Ra8+ Kh7 42. Ng6 Nf7 43. Kc3 Nd8 44. Nf8+ Kg8 45. Rxd8 Kf7 46. Ng6 1-0

[Event "Early-Titled-Tuesday-Blitz-September-12-2023"]
[Site "Chess.com"]
[Date "2023.09.12"]
[Round "5"]
[White "lolo9292"]
[Black "VSanduleac"]
[Result "0-1"]
[WhiteElo "2201"]
[BlackElo "2535"]
[TimeControl "180+1"]
[EndTime "8:54:19 PDT"]
[Termination "VSanduleac won by resignation"]

1. d4 d6 2. Nc3 g6 3. e4 Bg7 4. f4 a6 5. Nf3 b5 6. e5 Bb7 7. Be2 Nh6 8. Qd3 O-O 9. Ne4 Nd7 10.
b4 Nb6 11. O-O Nc4 12. a4 Rc8 13. axb5 axb5 14. Nfd2 dxe5 15. fxe5 Nf5 16. c3 Bd5 17. Nxc4 Bxc4 18. Qf3 Qd5 19. Bg5 f6 20. Bxc4 Qxc4 21. exf6 exf6 22. Bf4 Ne7 23. Nc5 Nd5 24. Bd2 Rce8 25.
Rfe1 f5 26. Ne6 Rf7 27. Nxg7 Rxe1+ 28. Rxe1 Kxg7 29. Re5 c6 30. Qe2 Qxe2 31. Rxe2 Re7 32. Kf2 Rxe2+ 33. Kxe2 Kf6 34. Kd3 f4 35. c4 bxc4+ 36.
Kxc4 Ke6 37. Kd3 Kf5 38. h3 g5 39. Be1 h5 40. Bd2 g4 41. hxg4+ hxg4 42. Be1 g3 43.
Bd2 f3 44. gxf3 g2 0-1

[Event "Early-Titled-Tuesday-Blitz-September-12-2023"]
[Site "Chess.com"]
[Date "2023.09.12"]
[Round "5"]
[White "MdImranCM"]
[Black "DonJuanEGenaro"]
[Result "1-0"]
[WhiteElo "2490"]
[BlackElo "1966"]
[TimeControl "180+1"]
[EndTime "8:54:20 PDT"]
[Termination "MdImranCM won by resignation"]

1. d4 Nf6 2. c4 c5 3. d5 e6 4.
Nc3 exd5 5. cxd5 d6 6. e4 g6 7.
Bd3 Bg7 8. Nge2 O-O 9. O-O Re8 10. h3 Na6 11. a3 Nc7 12. a4 b6 13. Bg5 h6 14. Bh4 a6 15. f4 Rb8 16. Ng3 b5 17. e5 dxe5 18. fxe5 Rxe5 19. Nce4 g5 20. Nxf6+ Bxf6 21. Nh5 Nxd5 22. Nxf6+ Nxf6 23. Bh7+ Kxh7 24. Qxd8 Re8 25. Qxf6 Be6 26. Bg3 Rbd8 27. Be5 Rg8 28. axb5 axb5 29. Ra7 Rdf8 30. Qxe6 1-0

[Event "Early-Titled-Tuesday-Blitz-September-12-2023"]
[Site "Chess.com"]
[Date "2023.09.12"]
[Round "5"]
[White "OK97"]
[Black "Hilary46"]
[Result "1-0"]
[WhiteElo "2825"]
[BlackElo "2574"]
[TimeControl "180+1"]
[EndTime "8:54:21 PDT"]
[Termination "OK97 won by resignation"]

1. d4 d5 2. Nf3 Nf6 3. e3 e6 4. b3 b6 5. Bb2 Bb7 6. Bb5+ c6 7.
Bd3 Bd6 8. O-O O-O 9. c4 c5 10. cxd5 exd5 11. Nbd2 Nc6 12. Rc1 Nb4 13. Bb1 Ba6 14.
Re1 Nd3 15. Bxd3 Bxd3 16. Ne5 Bxe5 17. dxe5 Ne4 18. f3 Nxd2 19. Qxd2 Ba6 20. Rcd1 Bb7 21.
Qf2 Qg5 22. h4 Qg6 23. Kh2 h6 24. g4 Rad8 25. h5 Qg5 26. Rg1 Qe7 27. f4 f6 28.
exf6 gxf6 29. Rde1 Qe4 30. Re2 Kh7 31. Qg3 Rde8 32. Rge1 d4 33. Kh3 Rg8 34. exd4 Qxe2 35. Rxe2 Rxe2 36. Qd3+ Re4 37. dxc5 f5 38. Qd7+ 1-0

[Event "Early-Titled-Tuesday-Blitz-September-12-2023"]
[Site "Chess.com"]
[Date "2023.09.12"]
[Round "5"]
[White "the-gambler"]
[Black "Raskolnikov6"]
[Result "1-0"]
[WhiteElo "2549"]
[BlackElo "2269"]
[TimeControl "180+1"]
[EndTime "8:54:23 PDT"]
[Termination "the-gambler won on time"]

1. e4 d5 2. exd5 Qxd5 3. Nc3 Qa5 4. g3 Nf6 5. Bg2 c6 6. Rb1 Bf5 7. b4 Qc7 8. b5 e6 9. Nge2 Bc5 10. O-O O-O 11. d3 Nbd7 12. bxc6 bxc6 13. Na4 Bd6 14. Nd4 Bg4 15. Qe1 Rab8 16. Rxb8 Nxb8 17. h3 Bh5 18.
Bd2 Bg6 19. Ba5 Qc8 20. Qc3 Nd5 21. Qc4 h5 22. Rb1 h4 23. g4 Nf4 24. Nc5 Nxg2 25.
Kxg2 Be5 26. Nf3 Bf6 27. g5 Be7 28. Nxh4 Bxc5 29. Qxc5 Nd7 30. Qe3 Re8 31. Nxg6 fxg6 32.
Bc3 e5 33. Qe4 Nf8 34. Bxe5 Qe6 35. f4 Nd7 36. d4 c5 37. d5 1-0

[Event "Early-Titled-Tuesday-Blitz-September-12-2023"]
[Site "Chess.com"]
[Date "2023.09.12"]
[Round "5"]
[White "whiteglovethief"]
[Black "Leonid_Starozhilov"]
[Result "0-1"]
[WhiteElo "2542"]
[BlackElo "2790"]
[TimeControl "180+1"]
[EndTime "8:54:24 PDT"]
[Termination "Leonid_Starozhilov won by resignation"]

1. d4 Nf6 2. c4 g6 3. Nc3 Bg7 4. e4 d6 5. Nf3 Bg4 6. Be3 O-O 7. Be2 a6 8. Qd2 Nc6 9. h4 Bxf3 10. gxf3 e5 11. d5 Nd4 12. O-O-O b5 13. h5 Nxh5 14. Rxh5 gxh5 15. Rg1 Kh8 16. cxb5 axb5 17. Kb1 Qf6 18. Bg5 Nxf3 19. Bxf3 Qxf3 20. a3 b4 21. axb4 f5 22.
Qc2 f4 23. Nb5 Rf7 24. Re1 Qg4 25. Qc6 Rc8 26. Rc1 Qxg5 27. Nxd6 cxd6 28. Qxc8+ Rf8 29. Qd7 Qd8 30. Rc7 Qxd7 31. Rxd7 h4 0-1

[Event "Early-Titled-Tuesday-Blitz-September-12-2023"]
[Site "Chess.com"]
[Date "2023.09.12"]
[Round "5"]
[White "bazar-wokzal"]
[Black "alexrustemov"]
[Result "1-0"]
[WhiteElo "2536"]
[BlackElo "2857"]
[TimeControl "180+1"]
[EndTime "8:54:24 PDT"]
[Termination "bazar-wokzal won by checkmate"]

1. e4 e6 2. c4 d5 3. cxd5 exd5 4. Qb3 dxe4 5. Bc4 Qd7 6. Nc3 Nf6 7. d3 exd3 8. Bg5 d2+ 9. Bxd2 Bd6 10. O-O-O O-O 11.
Nf3 Nc6 12. Nb5 a6 13. Nxd6 cxd6 14. Rhe1 d5 15. Bd3 Ne4 16. Bxe4 dxe4 17. Bb4 Qf5 18. Bxf8 exf3 19. Re8 h5 20. Qc3 f6 21. Qc4+ Kh7 22. Bxg7 Kxg7 23. Rg8+ Kh6 24. Rh8+ Kg5 25. h4+ Kg6 26. Qg8# 1-0

[Event "Early-Titled-Tuesday-Blitz-September-12-2023"]
[Site "Chess.com"]
[Date "2023.09.12"]
[Round "5"]
[White "Gazaman_Empire"]
[Black "ElenaPershina"]
[Result "0-1"]
[WhiteElo "2000"]
[BlackElo "2267"]
[TimeControl "180+1"]
[EndTime "8:54:24 PDT"]
[Termination "ElenaPershina won on time"]

1. d4 d5 2. c4 c6 3. Nc3 Nf6 4.
Bg5 dxc4 5. e3 b5 6. a4 b4 7. Na2 Qa5 8. Bxf6 exf6 9. Bxc4 Ba6 10. Bxa6 Nxa6 11. Ne2 Be7 12. O-O O-O 13. Rc1 Rac8 14. Qb3 Rfd8 15. Rc2 c5 16. Rfc1 g6 17. h3 Kg7 18.
dxc5 Rxc5 19. Nd4 Qb6 20. Rxc5 Bxc5 21. Nb5 Rd2 22. Rd1 Qd8 23. Rxd2 Qxd2 0-1

[Event "Early-Titled-Tuesday-Blitz-September-12-2023"]
[Site "Chess.com"]
[Date "2023.09.12"]
[Round "5"]
[White "Egor_Koshulyan"]
[Black "maracayo"]
[Result "1/2-1/2"]
[WhiteElo "2736"]
[BlackElo "2457"]
[TimeControl "180+1"]
[EndTime "8:54:25 PDT"]
[Termination "Game drawn by repetition"]

1. e4 d6 2. d4 Nf6 3. Nc3 c6 4. a4 Qa5 5. Bd3 e5 6. Ne2 Be7 7. O-O O-O 8. Kh1 Nbd7 9. f4 Re8 10. Be3 Bf8 11. fxe5 dxe5 12. d5 Ng4 13. Bg1 Bc5 14. dxc6 bxc6 15. Bc4 Ndf6 16. Qd3 Bxg1 17. Nxg1 Qc5 18.
Nd1 Be6 19. Bxe6 Rxe6 20. h3 Rd6 21. Qf3 h5 22. hxg4 hxg4 23. Qc3 Nxe4 24. Qxc5 Ng3+ 25. Kh2 Nxf1+ 26. Kh1 Ng3+ 27. Kh2 Nf1+ 28. Kh1 Ng3+ 29. Kh2 Nf1+ 1/2-1/2

[Event "Early-Titled-Tuesday-Blitz-September-12-2023"]
[Site "Chess.com"]
[Date "2023.09.12"]
[Round "5"]
[White "ChessTankMan"]
[Black "OparinGrigoriy"]
[Result "0-1"]
[WhiteElo "2524"]
[BlackElo "3009"]
[TimeControl "180+1"]
[EndTime "8:54:26 PDT"]
[Termination "OparinGrigoriy won by resignation"]

1. e4 c5 2. Nf3 Nc6 3. Bb5 e6 4. Bxc6 bxc6 5. O-O f6 6. e5 Ne7 7. Qe2 Ng6 8. d3 Qc7 9. Re1 fxe5 10. Nxe5 Qxe5 11.
Qxe5 Nxe5 12. Rxe5 d6 13. Re1 Kd7 14. b3 Be7 15. Bb2 e5 16. Nd2 Rf8 17. Rad1 Kc7 18. c3 Bf6 19. Ne4 Bf5 20. Ng3 Bg6 21. d4 exd4 22.
cxd4 Rae8 23. Kf1 Rxe1+ 24. Kxe1 Re8+ 25. Kf1 d5 26. Ne2 c4 27. bxc4 dxc4 28. Nf4 Bf7 29.
Bc3 g5 30. Ne2 Bg6 31. Nc1 g4 32. f3 gxf3 33. gxf3 Kd6 34. Bb4+ Kd5 35. Bc3 Bg5 36. Kf2 Be3+ 37. Kg2 Rg8 38. h4 Bc2+ 39. Kf1 0-1

[Event "Early-Titled-Tuesday-Blitz-September-12-2023"]
[Site "Chess.com"]
[Date "2023.09.12"]
[Round "5"]
[White "BahadirOzen"]
[Black "Mikedannnn"]
[Result "1-0"]
[WhiteElo "2792"]
[BlackElo "2553"]
[TimeControl "180+1"]
[EndTime "8:54:27 PDT"]
[Termination "BahadirOzen won by resignation"]

1. g3 h5 2. Nf3 Nc6 3. d4 d5 4. c4 Bg4 5. Bg2 e6 6. Nc3 Nf6 7. cxd5 exd5 8. Ne5 Bb4 9. Bg5 O-O 10. O-O Bxc3 11.
bxc3 Qd6 12. Bxf6 Qxf6 13. Nxg4 hxg4 14. Bxd5 Rad8 15. Bg2 g6 16. Rb1 b6 17. e3 Kg7 18. Qxg4 Rh8 19. Rb5 Rd6 20. Qg5 a6 21. Qxf6+ Kxf6 22. Rb2 Na5 23. e4 Ke7 24. e5 Rdd8 25.
f4 Nc4 26. Re2 b5 27. f5 gxf5 28. Rxf5 Nb6 29. Ref2 Rh7 30. Be4 Rg7 31. Rf6 Na4 32. Rc6 Kd7 33. Rff6 Nb6 34. Bf5+ Ke7 35.
Rxc7+ Kf8 36. Be6 1-0

[Event "Early-Titled-Tuesday-Blitz-September-12-2023"]
[Site "Chess.com"]
[Date "2023.09.12"]
[Round "5"]
[White "Herzog2012"]
[Black "Witik"]
[Result "0-1"]
[WhiteElo "2491"]
[BlackElo "2737"]
[TimeControl "180+1"]
[EndTime "8:54:29 PDT"]
[Termination "Witik won by resignation"]

1. e4 c6 2. d4 d5 3. Nc3 dxe4 4. Nxe4 Bf5 5. Nc5 b6 6. Nb3 e6 7.
Nf3 Bd6 8. g3 h6 9. Bg2 Ne7 10.
O-O Nd7 11. Qe2 O-O 12. Ne5 Qc7 13. Nxd7 Qxd7 14. c3 Rac8 15. Bd2 Rfd8 16. Rad1 Qc7 17. Bc1 c5 18. dxc5 bxc5 19. Be3 c4 20. Nc1 Bg6 21.
Rd2 Nf5 22. Rfd1 Nxe3 23. Qxe3 Be7 24. Rxd8+ Rxd8 25. Qe2 Rb8 26. Qd2 Bg5 27. Qe2 Qb6 28. b3 Bxc1 29. Rxc1 cxb3 30. axb3 Qxb3 31. Qa6 Qb2 32.
Rd1 Qc2 33. Ra1 Qxc3 34. Qxa7 Rb2 35. Qa8+ Kh7 36. h4 h5 37. Be4 f5 38. Bg2 Qd4 39. Qa7 Rb1+ 40. Kh2 Qxa1 0-1

[Event "Early-Titled-Tuesday-Blitz-September-12-2023"]
[Site "Chess.com"]
[Date "2023.09.12"]
[Round "5"]
[White "assezde36"]
[Black "Herman-NY"]
[Result "1-0"]
[WhiteElo "2817"]
[BlackElo "2547"]
[TimeControl "180+1"]
[EndTime "8:54:30 PDT"]
[Termination "assezde36 won by resignation"]

1. e4 c5 2. Nf3 Nc6 3. d4 cxd4 4.
Nxd4 e6 5. Nc3 a6 6. Nxc6 bxc6 7. Bd3 d5 8. O-O Nf6 9. Qe2 Be7 10. b3 O-O 11. Bb2 c5 12. Rfe1 Re8 13. Rad1 Qc7 14. exd5 exd5 15. Nxd5 Nxd5 16. Qe4 g6 17. Qxd5 Bb7 18.
Qe5 Qxe5 19. Bxe5 Rad8 20. Bc4 Bh4 21. Rxd8 Rxd8 22. Bc3 Bg5 23. f4 Bxf4 24. Re7 Bc6 25. Rxf7 Be3+ 26. Kf1 Bb5 27. Rg7+ Kf8 28. Rg8+ Ke7 29.
Bf6+ 1-0

[Event "Early-Titled-Tuesday-Blitz-September-12-2023"]
[Site "Chess.com"]
[Date "2023.09.12"]
[Round "5"]
[White "econpower"]
[Black "MasterKroket"]
[Result "1-0"]
[WhiteElo "2744"]
[BlackElo "2422"]
[TimeControl "180+1"]
[EndTime "8:54:30 PDT"]
[Termination "econpower won by resignation"]

1. d4 d5 2. c4 c6 3. Nf3 Nf6 4. g3 e6 5. Bg2 Be7 6. O-O O-O 7. Qc2 b6 8. Nbd2 Nbd7 9. e4 Ba6 10. e5 Ne8 11.
Rd1 Qc8 12. h4 f5 13. exf6 Ndxf6 14. Re1 Nd6 15. Ng5 Nfe4 16. Ndxe4 dxe4 17. b3 h6 18. Nxe4 Nf5 19. Bb2 Bb7 20. Rad1 Qe8 21. c5 Rd8 22. Qe2 Qg6 23. b4 Bxh4 24. gxh4 Nxh4 25. Ng3 Rde8 26. Qh5 Qxh5 27. Nxh5 Nf3+ 28. Bxf3 Rxf3 29. Re3 Rf5 30.
Ng3 Rd5 31. Ne4 Ba6 32. Nd6 Re7 33. Rde1 Rg5+ 34. Rg3 Rxg3+ 35. fxg3 Bd3 36. Kf2 g5 37. Ke3 Bg6 38. a4 h5 39. Bc3 bxc5 40. dxc5 h4 41. gxh4 gxh4 42. Bf6 Rh7 43. Rg1 Rh6 44. Bg5 Rh5 45.
Bf4 Kh7 46. Rg5 h3 47. Rxh5+ Bxh5 48. b5 1-0

[Event "Early-Titled-Tuesday-Blitz-September-12-2023"]
[Site "Chess.com"]
[Date "2023.09.12"]
[Round "5"]
[White "GaiozNigalidze"]
[Black "Firouzja2003"]
[Result "0-1"]
[WhiteElo "2721"]
[BlackElo "3059"]
[TimeControl "180+1"]
[EndTime "8:54:31 PDT"]
[Termination "Firouzja2003 won by resignation"]

1. a3 g6 2. d4 Bg7 3. b4 Nf6 4. Bb2 O-O 5. g3 d6 6. Bg2 Nbd7 7. Nf3 Re8 8. O-O c6 9. c4 Qc7 10. Nbd2 b6 11. b5 cxb5 12. cxb5 Bb7 13. Rc1 Qb8 14.
Qc2 a6 15. bxa6 Rxa6 16. e4 e6 17. Rfe1 Rc8 18. Qd3 Ra4 19. Rxc8+ Qxc8 20. Rc1 Qa8 21.
e5 dxe5 22. dxe5 Nd5 23. Nc4 Bh6 24. Ncd2 Nc5 25. Qc2 Ne3 26. fxe3 Bxe3+ 27. Kh1 Bxd2 28. Rf1 Bh6 29. Bc1 Bxc1 30. Qxc1 Rxa3 31. Qf4 Nd3 32. Qd4 Nxe5 33. Qxe5 Bxf3 34. Rxf3 Rxf3 35. Bxf3 Qxf3+ 36. Kg1 Qd1+ 37. Kf2 Qd2+ 38. Kg1 Qc1+ 39.
Kg2 Qc2+ 40. Kf1 Qf5+ 41. Kg2 Qxe5 0-1

[Event "Early-Titled-Tuesday-Blitz-September-12-2023"]
[Site "Chess.com"]
[Date "2023.09.12"]
[Round "5"]
[White "Al_Shima"]
[Black "Bastiandash"]
[Result "0-1"]
[WhiteElo "2344"]
[BlackElo "2550"]
[TimeControl "180+1"]
[EndTime "8:54:31 PDT"]
[Termination "Bastiandash won by checkmate"]

1. b3 e5 2. Bb2 Nc6 3. e3 Nf6 4. Bb5 Bd6 5. Ne2 O-O 6. Ng3 Re8 7. O-O a6 8. Bxc6 dxc6 9. d3 Bg4 10. f3 Be6 11. Nd2 h5 12. Nde4 h4 13. Nxf6+ Qxf6 14. Ne4 Qg6 15. Qe1 h3 16. g3 f5 17. Nxd6 cxd6 18.
f4 Bd5 19. Qd2 Re7 20. Rf2 Rae8 21. Raf1 exf4 22. exf4 Re3 23. Rd1 Qg4 24. c4 Bf3 25. Rdf1 Be2 26. Rxe2 Rxe2 27. Qc3 Rg2+ 28. Kh1 Ree2 29. Re1 Rxh2+ 30. Kg1 Reg2+ 31. Kf1 Qf3# 0-1

[Event "Early-Titled-Tuesday-Blitz-September-12-2023"]
[Site "Chess.com"]
[Date "2023.09.12"]
[Round "5"]
[White "Biregina"]
[Black "HanSchut"]
[Result "1-0"]
[WhiteElo "2438"]
[BlackElo "2254"]
[TimeControl "180+1"]
[EndTime "8:54:31 PDT"]
[Termination "Biregina won on time"]

1. b3 e5 2. Bb2 Nc6 3. e3 Bd6 4. Na3 Qe7 5. Nc4 f5 6. Nf3 Nf6 7.
Nxd6+ Qxd6 8. Bb5 e4 9. Bxc6 Qxc6 10. Nd4 Qd5 11. c4 Qe5 12. Qc2 d6 13. f4 Qe7 14.
O-O-O O-O 15. h3 c5 16. Nb5 Be6 17. g4 d5 18. gxf5 Bxf5 19. Rdg1 dxc4 20. Qxc4+ Be6 21. Qc3 c4 22. Ba3 Qf7 23. Nd6 Qe7 24. Kb2 Nd5 25. Qe5 cxb3 26. axb3 1-0